 Dungeon Crawl Stone Soup version 0.24-a0-434-gd57e52fea8 (webtiles) character file.

Game seed: 14057108856399219205

286 Pixllover the Skirmisher (level 6, -2/56 HPs)
             Began as a Minotaur Abyssal Knight on June 16, 2019.
             Was a Priest of Lugonu.
             Killed from afar by an orc wizard (8 damage)
             ... with a magic dart
             ... on level 4 of the Dungeon.
             The game lasted 00:08:14 (2617 turns).

Pixllover the Skirmisher (Minotaur Abyssal Knight)  Turns: 2617, Time: 00:08:14

Health: -2/56      AC:  6    Str: 18    XL:     6   Next: 8%
Magic:  5/6        EV: 10    Int:  9    God:    Lugonu [***...]
Gold:   91         SH:  0    Dex: 10    Spells: 5/5 levels left

rFire    . . .     SeeInvis .   j - +4 mace
rCold    . . .     Gourm    .   (no shield)
rNeg     . . .     Faith    .   p - +0 ring mail
rPois    .         Spirit   .   (helmet restricted)
rElec    .         Reflect  .   (no cloak)
rCorr    .         Harm     .   (no gloves)
MR       .....     Rnd*Tele +   q - +0 pair of boots
Stlth    +.........             (no amulet)
HPRegen  0.18/turn              h - ring of teleportation (curse)
MPRegen  0.10/turn              o - ring of stealth

@: slowed, very heavily drained, very slow
A: retaliatory headbutt, horns 2
a: Depart the Abyss, Bend Space, Banish, Renounce Religion


You were on level 4 of the Dungeon.
You worshipped Lugonu.
Lugonu was most pleased with you.
You were hungry.

You visited 1 branch of the dungeon, and saw 4 of its levels.
You visited the Abyss 1 time.

You collected 91 gold pieces.

Inventory:

Hand Weapons
 a - a +1 hand axe
 j - a +4 mace (weapon)
Missiles
 n - 32 poisoned darts (quivered)
Armour
 b - a +1 leather armour
 p - a +0 ring mail (worn)
 q - a +0 pair of boots (worn)
Jewellery
 g - an uncursed ring of protection from fire
 h - a cursed ring of teleportation (left hand)
 o - a ring of stealth (right hand)
 r - an uncursed ring of wizardry {unknown}
 t - a +3 ring of protection {unknown}
Scrolls
 e - a scroll of identify
 i - a scroll of teleportation
Potions
 d - 2 potions of ambrosia {unknown}
 k - a potion of agility
 l - 2 potions of lignification
 m - 2 potions of heal wounds
 s - 2 potions of curing {unknown}
Comestibles
 c - 2 rations


   Skills:
 + Level 5.3(1.8) Fighting
 + Level 5.1(1.7) Axes
 + Level 3.8(0.5) Armour
 + Level 2.3(0.0) Dodging
 + Level 0.8(0.0) Stealth
 + Level 1.8(0.0) Invocations


You had 5 spell levels left.
You didn't know any spells.
Your spell library was empty.

Dungeon Overview and Level Annotations

Branches:
Dungeon (4/15)
 Temple: D:4-7

Altars:
Ashenzari
Elyvilon
Qazlal
Yredelemnul


Innate Abilities, Weirdness & Mutations

You reflexively headbutt those who attack you in melee.
You have a pair of horns on your head.


Message History

You hit the orc. You headbutt the orc.
You kill the orc!
Lugonu accepts your kill.
The orc wizard mumbles some strange words.
The orc wizard blinks!
The orc hits you but does no damage.
The orc wizard hits you with a +1 dagger of draining.
* * * LOW HITPOINT WARNING * * *
You feel drained. The ooze barely misses you.
The orc wizard casts a spell at you.
The magic dart hits you but does no damage.
The ooze hits you.
* * * LOW HITPOINT WARNING * * *
The orc hits you with a +0 hand axe.
* * * LOW HITPOINT WARNING * * *
The orc wizard gestures wildly while chanting.
The orc wizard blinks!
Space bends around you!
You blink.
The orc wizard gestures at you while chanting.
The magic dart hits you!
You die...

.. ## .. #.
.. # #. #.
.# #. #.
###.# #. #.
#...
#.####o##.#
#.@o..JZ§<#
#.####.####
#. #. #. #.
#. ## #. #.
#.


You could see an orc wizard, an ooze, an orc and a centaur skeleton.

Vanquished Creatures
  A big kobold (D:2)
  A hound (D:4)
  An orc wizard (D:3)
  7 adders
  3 oozes
  An adder zombie (D:2)
  An adder skeleton (D:2)
  2 worms (D:2)
  3 dart slugs
  A leopard gecko (D:1)
  6 orcs
  6 giant cockroaches
  6 goblins
  6 hobgoblins
  6 kobolds
  2 ball pythons
  8 bats
  4 frilled lizards
  A jackal zombie (D:2)
  7 rats
73 creatures vanquished.

Notes
Turn   | Place    | Note
-------+----------+-------------------------------------------
     0 | Abyss:1  | Pixllover the Minotaur Abyssal Knight began the quest for
                  | the Orb.
     0 | Abyss:1  | Reached XP level 1. HP: 19/19 MP: 1/1
    30 | D:1      | Escaped the Abyss
   258 | D:1      | Reached XP level 2. HP: 27/27 MP: 2/2
   719 | D:2      | Reached ** piety under Lugonu
   719 | D:2      | Reached XP level 3. HP: 20/33 MP: 3/3
  1094 | D:2      | Reached XP level 4. HP: 32/41 MP: 4/4
  1131 | D:2      | Found a shattered altar of Ashenzari.
  1162 | D:2      | Found a stormy altar of Qazlal.
  1669 | D:2      | Noticed a big kobold
  1679 | D:2      | Killed a big kobold
  1679 | D:2      | Reached skill level 5 in Fighting
  1679 | D:2      | Reached XP level 5. HP: 30/48 MP: 5/5
  1904 | D:2      | Found a basalt altar of Yredelemnul.
  1904 | D:2      | Found a shattered altar of Ashenzari.
  2113 | D:3      | Reached *** piety under Lugonu
  2113 | D:3      | Reached skill level 5 in Axes
  2438 | D:3      | Found a white marble altar of Elyvilon.
  2606 | D:4      | Reached XP level 6. HP: 40/56 MP: 6/6
  2617 | D:4      | Killed from afar by an orc wizard

Levels and vault maps discovered:
D:1:      eino_arrival_water_cross, layout_loops_ring
D:2:      layout_rooms, old_standard_altar, gammafunk_temple_overflow_wave,
          serial_undead, serial_undead_a, serial_undead_b, serial_undead_c,
          serial_undead_d, evilmike_ruin_ashenzari
D:3:      layout_basic, elyvilon_altar_3
D:4:      layout_loops_ring, first_ration

Skill      XL: |  1  2  3  4  5 |
---------------+----------------+-----
Fighting       | 4 5 |  5.3
Axes           | 3 4 5 |  5.1
Armour         | 3 |  3.8
Dodging        | 2 |  2.3
Stealth        | |  0.8
Invocations    | |  1.8

Action                   |  1- 3 |  4- 6 || total
-------------------------+-------+-------++-------
Melee: Hand axe          |    51 |   106 ||   157
       Headbutt          |     6 |    15 ||    21
       Mace              |       |    16 ||    16
Invok: Bend Space        |       |     1 ||     1
  Use: Scroll            |       |     8 ||     8
 Stab: Sleeping          |       |     4 ||     4
  Eat: Chunk             |       |     5 ||     5
Armor: Leather armour    |    17 |    18 ||    35
       Ring mail         |       |    35 ||    35
Dodge: Dodged            |    42 |    91 ||   133

Table legend:
 A = Non-vault XP
 B = Vault XP
 C = Vault XP percentage of total XP
 D = Non-vault monster count
 E = Vault monster count
 F = Vault count percentage of total count
                 A         B        C        D         E       F
            +---------+---------+-------+---------+---------+-------
      Total |     397 |      12 |   2.9 |      70 |       3 |   4.1
            +---------+---------+-------+---------+---------+-------
        D:1 |      32 |       0 |   0.0 |      16 |       0 |   0.0
        D:2 |     217 |      12 |   5.2 |      34 |       3 |   8.1
        D:3 |      99 |       0 |   0.0 |      17 |       0 |   0.0
        D:4 |      49 |       0 |   0.0 |       3 |       0 |   0.0
            +---------+---------+-------+---------+---------+-------
